 Dungeon Crawl Stone Soup version 0.29.0-4-gdea44cf6ec (webtiles) character file.

Game seed: 11074981516474223819

13 qw the Chopper (level 2, -1/17 HPs)
             Began as a Tengu Warper on Aug 29, 2022.
             Slain by a hobgoblin (2 damage)
             ... on level 1 of the Dungeon.
             The game lasted 00:00:01 (206 turns).

qw the Chopper (Tengu Warper)                        Turns: 206, Time: 00:00:01

Health: -1/17      AC:  3    Str: 11    XL:     2   Next: 37%
Magic:  6/6        EV: 11    Int: 13    God:
Gold:   32         SH:  0    Dex: 13    Spells: 5/5 levels left

rFire   . . .      SeeInvis .   a - +0 hand axe
rCold   . . .      Faith    .   (no shield)
rNeg    . . .      Spirit   .   b - +0 leather armour
rPois   .          Reflect  .   (helmet restricted)
rElec   .          Harm     .   (no cloak)
rCorr   .          Rampage  .   (no gloves)
Will    .....                   (boots unavailable)
Stlth   +.........              (no amulet)
HPRegen 0.05/turn               (no ring)
MPRegen 0.10/turn               (no ring)

@: no status effects
A: beak, talons 3
a: no special abilities


You were on level 1 of the Dungeon.
You visited 1 branch of the dungeon, and saw 1 of its levels.

You collected 32 gold pieces.


Innate Abilities, Weirdness & Mutations

You have a beak for a mouth.
You have claws for feet.


   Skills:
 - Level 2.0 Fighting
 + Level 3.3 Axes
 - Level 1.0 Throwing
 - Level 1.1 Armour
 - Level 2.1 Dodging
 - Level 2.0 Spellcasting
 - Level 2.4 Translocations


You had 5 spell levels left.
You didn't know any spells.
Your spell library contained the following spells:

 Spells                   Type           Power      Damage    Failure   Level
 Blink                    Tloc           14%        N/A       19%         2
 Gell's Gravitas          Tloc           7%         N/A       36%         3
 Lesser Beckoning         Tloc           7%         N/A       36%         3
 Teleport Other           Tloc           7%         N/A       36%         3
 Manifold Assault         Tloc           7%         N/A       98%         5

Inventory:

Hand Weapons
 a - a +0 hand axe (weapon)
Armour
 b - a +0 leather armour (worn)
Scrolls
 c - a scroll of blinking
 d - a scroll of identify {unknown}
 e - a scroll of magic mapping {unknown}
Potions
 f - a potion of might {unknown}

Dungeon Overview and Level Annotations

Branches:
Dungeon (1/15)

Altars:


Message History

The jackal completely misses you.
The jackal bites you but does no damage.
You completely miss the jackal.
The jackal is severely wounded.
You hit the jackal. The jackal barely misses you.
The jackal closely misses you.
The jackal bites you but does no damage.
You hit the jackal.
You kill the jackal!
You hit the jackal but do no damage.
The jackal bites you but does no damage.
The jackal bites you. The jackal closely misses you.
You hit the jackal.
You kill the jackal!
You completely miss the jackal. The jackal barely misses you.
You hit the jackal. Your kick misses the jackal.
The jackal is moderately wounded.
You barely miss the hobgoblin.
The jackal bites you but does no damage.
The hobgoblin hits you. The jackal barely misses you.
You miss the jackal. You peck the jackal.
The jackal is severely wounded.
You hit the hobgoblin but do no damage. The jackal bites you.
The hobgoblin hits you.
You hit the jackal but do no damage. Your kick misses the jackal.
The jackal is heavily wounded.
You closely miss the hobgoblin. The jackal bites you.
The hobgoblin barely misses you. The jackal closely misses you.
You closely miss the jackal. You claw the jackal, but do no damage.
The jackal is heavily wounded.
You hit the hobgoblin. The jackal bites you. The hobgoblin closely misses you.
The jackal barely misses you. The hobgoblin barely misses you.
You closely miss the jackal.
The jackal is heavily wounded.
You hit the hobgoblin but do no damage. The jackal bites you.
The hobgoblin hits you.
You die...

.....# .....###########
................
.#.......########
.................
.##.####...##.### .##.#
#...# ...#
###.####...####.########
.......+...'....@h......
.......#...####.#g......
.##....#...# #.#.......
.##....#...# #.#.......
###....#...# #.#......!
#....#...# #......... #
#....#...######..#####
###....######......#
.......## #......##


You could see a jackal and a hobgoblin.

Vanquished Creatures
  A giant cockroach (D:1)
  A goblin (D:1)
  6 jackals (D:1)
  A quokka (D:1)
  A rat (D:1)
10 creatures vanquished.

Notes
Turn   | Place    | Note
-------+----------+-------------------------------------------
     0 | D:1      | qw the Tengu Warper began the quest for the Orb.
     0 | D:1      | Reached XP level 1. HP: 12/12 MP: 4/4
     0 | D:1      | 0 ||| qw: Version: 0.1-a-89-g26bdef1
     0 | D:1      | 0 ||| qw: Game counter: 3624
     0 | D:1      | 0 ||| qw: Always use a shield: true
     0 | D:1      | 0 ||| qw: God list: Okawaru
     0 | D:1      | 0 ||| qw: Allow faded altars: false
     0 | D:1      | 0 ||| qw: Do Orc after D:15 true
     0 | D:1      | 0 ||| qw: Do second Lair branch before Depths: true
     0 | D:1      | 0 ||| qw: Lair rune preference: random
     0 | D:1      | 0 ||| qw: Plans: Normal
     0 | D:1      | 0 ||| PLANNING D:1-11
   155 | D:1      | 155 ||| Stepping ~*~*~tactically~*~*~ (stealth).
   162 | D:1      | Reached skill level 3 in Axes
   162 | D:1      | Reached XP level 2. HP: 17/17 MP: 6/6
   192 | D:1      | 192 ||| Stepping ~*~*~tactically~*~*~ (stealth).
   204 | D:1      | HP: 3/17 [jackal (3)]
   206 | D:1      | HP: 1/17 [jackal (1)]
   206 | D:1      | Slain by a hobgoblin

Levels and vault maps discovered:
D:1:      scummos_arrival_simple_fountains, layout_basic, hex_medium

Skill      XL: |  1 |
---------------+----+-----
Axes           | 3 |  3.3
Fighting       | |  2.0
Throwing       | |  1.0
Armour         | |  1.1
Dodging        | |  2.1
Spellcasting   | |  2.0
Translocations | |  2.4

Action                   || total
-------------------------++-------
Melee: Hand axe          ||    21
       Kick              ||     4
       Peck              ||     1
Throw: Boomerang         ||     7
Armor: Leather armour    ||     8
Dodge: Dodged            ||    19

Table legend:
 A = Non-vault XP
 B = Vault XP
 C = Vault XP percentage of total XP
 D = Non-vault monster count
 E = Vault monster count
 F = Vault count percentage of total count
                 A         B        C        D         E       F
            +---------+---------+-------+---------+---------+-------
      Total |      19 |       0 |   0.0 |      10 |       0 |   0.0
            +---------+---------+-------+---------+---------+-------
        D:1 |      19 |       0 |   0.0 |      10 |       0 |   0.0
            +---------+---------+-------+---------+---------+-------
